 Dungeon Crawl Stone Soup version 0.30-a0-50-gb2d611f6b1 (webtiles) character file.

Game seed: 5832677486336689285

2606 karamandi the Cleaver (level 9, -3/79 HPs)
             Began as a Minotaur Fighter on Sept 3, 2022.
             Slain by Maggie
             ... wielding a +1 war axe of flaming
              (8 damage)
             ... on level 6 of the Dungeon.
             The game lasted 00:17:30 (6664 turns).

karamandi the Cleaver (Minotaur Fighter)            Turns: 6664, Time: 00:17:31

Health: -3/79      AC:  8    Str: 25    XL:     9   Next: 33%
Magic:  8/8        EV: 10    Int:  5    God:
Gold:   268        SH:  5    Dex: 10    Spells: 8/8 levels left

rFire   . . .      SeeInvis .    j - +2 war axe (freeze)
rCold   . . .      Faith    .    c - +0 buckler
rNeg    . . .      Spirit   .    b - +0 scale mail
rPois   .          Reflect  .    (helmet restricted)
rElec   .          Harm     .    (no cloak)
rCorr   .          Rampage  .    (no gloves)
Will    .....                    (no boots)
Stlth   ..........               (no amulet)
HPRegen 0.23/turn                (no ring)
MPRegen 0.11/turn                (no ring)

@: no status effects
A: horns 2, retaliatory headbutt
a: no special abilities


You were on level 6 of the Dungeon.
You visited 1 branch of the dungeon, and saw 6 of its levels.
You also visited: Ossuary.

You collected 268 gold pieces.

Inventory:

Hand Weapons
 a - a +0 long sword
 j - a +2 war axe of freezing (weapon)
Armour
 b - a +0 scale mail (worn)
 c - a +0 buckler (worn)
 i - a +0 pair of boots
 G - a scarf of repulsion
Jewellery
 g - a +6 ring of strength
Wands
 m - a wand of digging (8)
 F - a wand of mindburst (3)
Scrolls
 e - 13 scrolls of identify {unknown}
 f - a scroll of immolation {unknown}
 n - a scroll of blinking {unknown}
 p - a scroll of brand weapon {unknown}
 q - 4 scrolls of magic mapping {unknown}
 r - 2 scrolls of amnesia {unknown}
 s - a scroll of silence {unknown}
 t - 2 scrolls of butterflies {unknown}
 w - 3 scrolls of teleportation {unknown}
 x - a scroll of vulnerability {unknown}
 y - a scroll of poison {unknown}
Potions
 d - 2 potions of might
 h - 2 potions of resistance {unknown}
 k - a potion of mutation {unknown}
 l - 2 potions of degeneration {unknown}
 o - 3 potions of brilliance {unknown}
 u - a potion of flight {unknown}
 v - a potion of ambrosia {unknown}
 z - a potion of attraction {unknown}
 A - 2 potions of heal wounds {unknown}
 B - a potion of lignification {unknown}
 C - a potion of cancellation {unknown}
 D - 2 potions of curing {unknown}
 E - a potion of invisibility {unknown}


   Skills:
 - Level 7.0 Fighting
 + Level 5.8 Long Blades
 - Level 8.3 Axes
 + Level 8.1 Armour
 - Level 3.1 Dodging
 - Level 0.4 Stealth
 + Level 6.5 Shields


You had 8 spell levels left.
You didn't know any spells.
Your spell library contained the following spells:

 Spells                   Type           Power      Damage    Failure   Level
 Apportation              Tloc           0%         N/A       82%         1
 Necrotise                Necr           0%         1d4       82%         1
 Summon Small Mammal      Summ           0%         N/A       82%         1
 Sublimation of Blood     Necr           0%         N/A       91%         2
 Gell's Gravitas          Tloc           0%         N/A       99%         3
 Portal Projectile        Hex/Tloc       0%         N/A       99%         3
 Teleport Other           Tloc           0%         N/A       99%         3
 Tukima's Dance           Hex            0%         N/A       99%         3
 Petrify                  Tmut/Erth      0%         N/A       100%        4
 Blade Hands              Tmut           0%         N/A       100%        5
 Irradiate                Conj/Tmut      0%         3d11      100%        5
 Dispersal                Tloc           0%         N/A       100%        6


Dungeon Overview and Level Annotations

Branches:
Dungeon (6/15)             Temple (0/1) D:6         Ossuary (visited)

Altars:
Dithmenos
Elyvilon
Nemelex Xobeh
Okawaru
Sif Muna
Trog
Vehumet
Wu Jian

Annotations:
D:6 Maggie


Innate Abilities, Weirdness & Mutations

You have a pair of horns on your head.
You reflexively headbutt those who attack you in melee.


Message History

The steam dragon bites you. The steam dragon claws you.
You slash the steam dragon! You freeze the steam dragon.
You kill the steam dragon!
You are engulfed in a cloud of scalding steam.
Your Armour skill increases to level 8!
You start resting.
HP restored.
e - 13 scrolls labelled OMPUET KUIR (gained 1)
Found a book of Alchemy.
Found a scroll labelled OMPUET KUIR.
You pick up a book of Alchemy and begin reading...
You add the spells Sublimation of Blood, Petrify and Irradiate to your library.
Found a lumpy yellow potion.
A - 2 lumpy yellow potions (gained 1) Maggie the Vainglorious comes into view.
She is wielding a +1 war axe of flaming.
Found a pink potion.
Maggie gestures at you while chanting. The bolt of fire hits you!!
Maggie mutters to herself, "Master Lance won't take me back.
This is the way forward."
You hit Maggie. You freeze Maggie.
Maggie is lightly wounded.
You block Maggie's attack.
You barely miss Maggie.
Maggie is lightly wounded.
Maggie gestures at you while chanting. The bolt of fire hits you!
You hit Maggie. You freeze Maggie.
Maggie is lightly wounded.
Maggie misses you.
You slash Maggie! You freeze Maggie. You headbutt Maggie!
Maggie is heavily wounded.
Maggie gestures at you while chanting. The bolt of fire hits you!!
* * * LOW HITPOINT WARNING * * *
You slash Maggie! You freeze Maggie.
Maggie is severely wounded.
Maggie barely misses you. You furiously retaliate!
You headbutt Maggie, but do no damage.
Maggie hits you with a +1 war axe of flaming!
You die...

####### ##########
#.....## ...!..@@.#
#.##...######
########.#
#.##.#.......
#.###.##...######
#.##.#.##### #..
####.#.###.### ###.#
#.....## ##..###..##
#.#....###.......#..
# #.#...#........#.§
#...##..#.##.#.#§.


You could see Maggie.

Vanquished Creatures
  Grinder (D:5)
  Sigmund (D:5)
  A steam dragon (D:6)
  Edmund (D:6)
  2 water moccasins (D:6)
  2 ice beasts (D:6)
  2 ogres (D:6)
  A phantom (D:4)
  A bullfrog (D:6)
  A kobold brigand (D:6)
  2 elf zombies (D:5)
  5 scorpions
  3 water moccasin zombies (Ossuary)
  2 centaur zombies (Ossuary)
  A hound (D:6)
  A human zombie (D:5)
  Crazy Yiuf (D:2)
  3 iguanas
  Natasha (thrice) (D:2)
  2 orc wizards (D:5)
  A scorpion zombie (Ossuary)
  An ogre zombie (Ossuary)
  A mummy (Ossuary)
  3 gnolls (D:3)
  6 adders
  2 adder zombies (Ossuary)
  2 worms
  4 dart slugs
  13 orcs
  6 endoplasms
  2 giant cockroaches
  2 gnoll zombies (Ossuary)
  8 goblins
  6 hobgoblins
  6 jackals
  3 quokkas
  10 ball pythons
  6 bats
  6 frilled lizards
  A goblin zombie (Ossuary)
  4 hobgoblin zombies (Ossuary)
  13 kobolds
  3 orc skeletons (D:5)
  6 orc zombies (Ossuary)
  10 rats
161 creatures vanquished.

Vanquished Creatures (others)
  2 plants (D:3)
2 creatures vanquished.

Grand Total: 163 creatures vanquished

Notes
Turn   | Place    | Note
-------+----------+-------------------------------------------
     0 | D:1      | karamandi the Minotaur Fighter began the quest for the Orb.
     0 | D:1      | Reached XP level 1. HP: 19/19 MP: 0/0
    74 | D:1      | Reached XP level 2. HP: 14/27 MP: 1/1
   836 | D:1      | Reached XP level 3. HP: 33/33 MP: 2/2
  1406 | D:2      | Found an ornate altar of the Wu Jian Council.
  1615 | D:2      | Noticed Natasha
  1628 | D:2      | Killed Natasha
  1629 | D:2      | Reached skill level 1 in Dodging
  1629 | D:2      | Reached XP level 4. HP: 21/40 MP: 3/3
  1654 | D:2      | Noticed Natasha
  1659 | D:2      | Killed Natasha
  1872 | D:2      | Found a runed translucent door.
  1873 | D:2      | Noticed Crazy Yiuf
  1879 | D:2      | Killed Crazy Yiuf
  1880 | D:2      | Reached XP level 5. HP: 47/47 MP: 4/4
  1979 | D:2      | Noticed Natasha
  1983 | D:2      | Killed Natasha
  2022 | D:3      | Reached skill level 5 in Armour
  2249 | D:3      | Reached skill level 1 in Axes
  2908 | D:4      | Reached XP level 6. HP: 53/53 MP: 5/5
  3548 | D:4      | Reached skill level 5 in Fighting
  3944 | D:5      | Entered Level 5 of the Dungeon
  3955 | D:5      | Noticed Grinder
  3968 | D:5      | Reached XP level 7. HP: 23/61 MP: 6/6
  3968 | D:5      | Killed Grinder
  3969 | D:5      | Reached skill level 5 in Axes
  4475 | D:5      | Found a sand-covered staircase.
  4533 | Ossuary  | Entered an ossuary
  4561 | Ossuary  | Reached XP level 8. HP: 57/70 MP: 7/7
  4781 | Ossuary  | Noticed a silent spectre
  4851 | D:5      | Reached skill level 5 in Shields
  4907 | D:5      | Noticed Sigmund
  4924 | D:5      | Killed Sigmund
  5780 | D:6      | Found a radiant altar of Vehumet.
  5782 | D:6      | Found an iron altar of Okawaru.
  5782 | D:6      | Found a white marble altar of Elyvilon.
  5786 | D:6      | Found a sparkling altar of Nemelex Xobeh.
  5786 | D:6      | Found a shimmering blue altar of Sif Muna.
  5795 | D:6      | Reached XP level 9. HP: 43/78 MP: 8/8
  5795 | D:6      | Found a bloodstained altar of Trog.
  6216 | D:6      | Reached skill level 5 in Long Blades
  6387 | D:6      | Found a staircase to the Ecumenical Temple.
  6421 | D:6      | Noticed Edmund
  6426 | D:6      | Killed Edmund
  6430 | D:6      | Found a shadowy altar of Dithmenos.
  6658 | D:6      | Noticed Maggie
  6664 | D:6      | Slain by Maggie

Illustrated notes

Levels and vault maps discovered:
D:1:      dpeg_arrival_rooms_with_view, layout_basic
D:2:      wad_crossroads, layout_rooms, basic_altar, uniq_crazy_yiuf_cottage,
          uniq_natasha
D:3:      layout_loops_ring, serial_bayou_pond_b, minmay_puff
D:4:      layout_loops_ring
D:5:      layout_basic, nicolae_ossuary_entry_catacombs, uniq_grinder,
          uniq_sigmund
D:6:      layout_loops_ring, grunt_temple_overflow_open,
          worldfamousw_hep_ancestral_shrine, mainiacjoe_overflow_paths,
          minmay_temple_entry_stoned_glass, uniq_edmund, uniq_maggie

Skill      XL: |  1  2  3  4  5  6  7  8  9 |
---------------+----------------------------+-----
Armour         | 4 5 6 7 8 |  8.1
Fighting       | 4 5 6 7 |  7.0
Shields        | 4 5 6 |  6.5
Long Blades    | 3 4 5 |  5.8
Dodging        | 1 2 3 |  3.1
Axes           | 2 4 5 8 |  8.3
Stealth        | |  0.4

Action                   |  1- 3 |  4- 6 |  7- 9 || total
-------------------------+-------+-------+-------++-------
Melee: Long sword        |    66 |       |       ||    66
       Headbutt          |    12 |    12 |    32 ||    56
       War axe           |    22 |   103 |   142 ||   267
Armor: Scale mail        |    46 |    38 |    52 ||   136
Dodge: Dodged            |    40 |    48 |    62 ||   150
Block: Buckler           |    31 |    18 |    24 ||    73

Table legend: (Time is in decaauts)
 A = Elapsed time spent in this place.
 B = Non-inter-level travel time spent in this place.
 C = Inter-level travel time spent in this place.
 D = Time resting spent in this place.
 E = Time spent auto-exploring this place.
 F = Levels seen in this place.
 G = Mean time per level.
                   A        B        C        D        E       F      G
               +--------+--------+--------+--------+--------+-----+--------+
         Total |   6768 |   3621 |   3147 |   1804 |    730 |   7 |  966.9 |
       Dungeon |   6464 |   3317 |   3147 |   1674 |    730 |   6 | 1077.3 |
       Ossuary |    303 |    303 |      0 |    130 |      0 |   1 |  303.0 |
               +--------+--------+--------+--------+--------+-----+--------+

Top non-repeatable levels by time:
     D:5: 1448 daAuts
     D:1: 1288 daAuts
     D:4: 1061 daAuts
     D:6: 998 daAuts
     D:3: 906 daAuts
     D:2: 760 daAuts
 Ossuary: 303 daAuts
